 Dungeon Crawl Stone Soup version 0.19.1-1-g22dce08 (webtiles) character file.

95 dngmouse the Skirmisher (level 4, -1/44 HPs)
             Began as a Deep Dwarf Fighter on Jan 12, 2017.
             Slain by an orc warrior
             ... wielding a +0 battleaxe of freezing
              (13 damage)
             ... on level 3 of the Dungeon.
             The game lasted 00:06:17 (1301 turns).

dngmouse the Skirmisher (Deep Dwarf Fighter)        Turns: 1301, Time: 00:06:18

Health: -1/44      AC:  6    Str: 25    XL:     4   Next: 39%
Magic:  4/4        EV:  7    Int:  9    God:
Gold:   118        SH: 10    Dex: 12    Spells: 0 memorised, 3 levels left

rFire  . . .     SeeInvis .     a - +0 war axe
rCold  . . .     Gourm    .     b - +0 scale mail
rNeg   . . .     Faith    .     c - +0 shield
rPois  .         Spirit   .     (no helmet)
rElec  .         Reflect  .     (no cloak)
rCorr  .         Harm     .     (no gloves)
MR     .....                    (no boots)
Stlth  ..........               (no amulet)
                                (no ring)
                                k - +4 ring of slaying

@: mighty, non-regenerating
A: damage resistance, recharge devices, sense surroundings 1, slow regeneration
3, MP-powered wands
a: Device Recharging


You were on level 3 of the Dungeon.
You were not hungry.

You visited 1 branch of the dungeon, and saw 3 of its levels.

You collected 118 gold pieces.

Inventory:

Hand Weapons
 a - a +0 war axe (weapon)
Missiles
 i - 7 tomahawks of dispersal (quivered)
Armour
 b - a +0 scale mail (worn)
 c - a +0 shield (worn)
 n - a +0 ring mail of cold resistance
Jewellery
 k - a +4 ring of slaying (left hand)
Wands
 e - a wand of heal wounds (5/9)
Scrolls
 g - a scroll of enchant armour {unknown}
 h - 3 scrolls of remove curse
 l - 2 scrolls of teleportation
 o - a scroll of identify {unknown}
 p - a scroll of recharging {unknown}
Comestibles
 f - a bread ration
 j - a beef jerky
 m - a slice of pizza
 q - a chunk of flesh


   Skills:
 - Level 4.0 Fighting
 + Level 3.6 Axes
 - Level 3.2 Armour
 - Level 3.2 Shields


You had 3 spell levels left.
You didn't know any spells.

Dungeon Overview and Level Annotations

Branches:
Dungeon (3/15)

Altars:
Ru


Innate Abilities, Weirdness & Mutations

You are resistant to damage.
You can recharge devices by infusing magical energy.
You passively map a small area around you.
You do not regenerate.
You expend magic power (3 MP) to strengthen your wands.


Message History

No target in view!
Found a stone staircase leading down.
You see here a robe.
There is a stone staircase leading down here. 3 orcs and an orc warrior come into view.
The orc warrior is wielding a battleaxe of freezing.
The orc warrior shouts!
The orc shouts! x3
Found an opal ring and a trident.
There is a stone staircase leading down here.
The orc warrior throws a tomahawk.
You block the tomahawk.
You see here a tomahawk.
Okay, then.
The orc warrior throws a tomahawk.
The tomahawk hits you!
The orc warrior throws a tomahawk.
The tomahawk hits you but does no damage.
The orc warrior throws a tomahawk.
The tomahawk hits you.
* * * LOW HITPOINT WARNING * * *
You feel very mighty all of a sudden.
The orc warrior hits you with a battleaxe of freezing!
You die...

.)o.....# *
.=......# , , ,
#.# * , , #o# ,
#># ,, #o# ,#o#
* * #o# , , #@#
,...... ** #.#
...... , , ,#[#
,,..... * #.#
#..#, , , #.#
#.>##########.#
#.............#
#..#...########
#..<...#


You could see an orc warrior and 3 orcs.

Vanquished Creatures
  Jessica (D:2)
  3 adders
  An ooze (D:1)
  2 worms (D:2)
  A dart slug (D:1)
  A leopard gecko (D:1)
  A giant cockroach (D:1)
  3 goblins
  4 hobgoblins
  5 bats
  4 frilled lizards (D:1)
  2 kobolds (D:1)
  6 rats
34 creatures vanquished.

Notes
Turn   | Place    | Note
-------+----------+-------------------------------------------
     0 | D:1      | dngmouse the Deep Dwarf Fighter began the quest for the Orb.
     0 | D:1      | Reached XP level 1. HP: 20/20 MP: 1/1
    58 | D:1      | Found a sacrificial altar of Ru.
    70 | D:1      | Reached skill level 3 in Fighting
   122 | D:1      | Reached XP level 2. HP: 18/28 MP: 2/2
   584 | D:2      | Reached XP level 3. HP: 15/34 MP: 3/3
   636 | D:2      | Gained mutation: You expend magic power (3 MP) to strengthen your wands. [potion of mutation]
   636 | D:2      | Gained mutation: You are frail. (-10% HP) [potion of mutation]
   636 | D:2      | Lost mutation: You are frail. (-10% HP) [potion of mutation]
   663 | D:2      | Noticed Jessica
   670 | D:2      | Killed Jessica
   670 | D:2      | Reached skill level 4 in Fighting
   670 | D:2      | Reached XP level 4. HP: 21/44 MP: 4/4
  1286 | D:3      | Noticed an orc warrior
  1301 | D:3      | Slain by an orc warrior

Skill      XL: |  1  2  3 |
---------------+----------+-----
Fighting       | 3 4 |  4.0
Axes           | 3 |  3.6
Armour         | |  3.2
Shields        | |  3.2

Action                   |  1- 3 |  4- 6 || total
-------------------------+-------+-------++-------
Melee: War axe           |    66 |    19 ||    85
  Use: Scroll            |     2 |       ||     2
       Potion            |     3 |     1 ||     4
  Eat: Chunk             |       |     1 ||     1
Armor: Scale mail        |    19 |    15 ||    34
Dodge: Dodged            |    20 |     8 ||    28
Block: Shield            |    27 |    12 ||    39
